 Dungeon Crawl Stone Soup version 0.29-a0-338-g1ff7896281 (webtiles) character file.

Game seed: 4420421996252767519

1 domi the Sneak (level 1, -3/13 HPs)
             Began as a Vampire Enchanter on Apr 18, 2022.
             Slain by a kobold
             ... wielding a +2 dagger of venom
              (4 damage)
             ... on level 1 of the Dungeon.
             The game lasted 00:00:26 (43 turns).

domi the Sneak (Vampire Enchanter)                    Turns: 43, Time: 00:00:26

Health: -3/13      AC:  2    Str:  7    XL:     1   Next: 16%
Magic:  3/3        EV: 12    Int: 17    God:
Gold:   7          SH:  0    Dex: 14    Spells: 4/4 levels left

rFire   . . .      SeeInvis +   a - +1 dagger
rCold   . . .      Faith    .   (no shield)
rNeg    . . .      Spirit   .   b - +0 robe
rPois   .          Reflect  .   (no helmet)
rElec   .          Harm     .   (no cloak)
rCorr   .          Rampage  .   (no gloves)
Will    .....                   (no boots)
Stlth   +++.......              (no amulet)
HPRegen 0.24/turn               (no ring)
MPRegen 0.08/turn               (no ring)

@: lethally poisoned (-3 -> -6), healing quickly
A: alive, fangs 3, see invisible, vampiric 1
a: Exsanguinate


You were on level 1 of the Dungeon.
You visited 1 branch of the dungeon, and saw 1 of its levels.

You collected 7 gold pieces.

Inventory:

Hand Weapons
 a - a +1 dagger (weapon)
Armour
 b - a +0 robe (worn)
Potions
 c - 2 potions of invisibility
 d - a potion of curing {unknown}


   Skills:
 + Level 1.2 Short Blades
 - Level 2.1 Dodging
 + Level 4.5 Stealth
 - Level 2.0 Spellcasting
 - Level 4.4 Hexes


You had 4 spell levels left.
You didn't know any spells.
Your spell library contained the following spells:

 Spells                   Type           Power      Damage    Failure   Level
 Confusing Touch          Hex            16%        N/A       10%         3
 Tukima's Dance           Hex            16%        N/A       10%         3
 Ensorcelled Hibernation  Hex/Ice        18%        N/A       12%         2
 Dazzling Flash           Conj/Hex       18%        N/A       24%         3


Dungeon Overview and Level Annotations

Branches:
Dungeon (1/15)

Altars:


Innate Abilities, Weirdness & Mutations

Your natural rate of healing is accelerated.
You have razor-sharp teeth.
You have supernaturally acute eyesight. (SInv)
You are afflicted with vampirism.


Message History

Welcome, domi the Vampire Enchanter.
It is said that the Orb of Zot exists deep within this dungeon.
Found a robe, 7 gold pieces and a leather armour.
Found a staircase leading out of the dungeon.
You now have 7 gold pieces.
You see here a +0 robe.
Found an escape hatch in the floor.
d - a puce potion An endoplasm comes into view.
An endoplasm is nearby!
An endoplasm is nearby!
An endoplasm is nearby!
An endoplasm is nearby!
The helpless endoplasm fails to defend itself.
You impale the endoplasm!!
You kill the endoplasm!
No target in view!
No target in view!
There is an escape hatch in the floor here.
You open the door.
A giant cockroach comes into view.
There is an open door here.
A giant cockroach is nearby!
An endoplasm and a kobold come into view.
The kobold is wielding a +2 dagger of venom.
You hit the giant cockroach but do no damage.
Your bite misses the giant cockroach. The giant cockroach closely misses you.
You hit the giant cockroach. Your punch misses the giant cockroach.
The giant cockroach bites you.
You take 1 damage, and have 12/13 hp.
You hit the giant cockroach but do no damage.
You bite the giant cockroach, but do no damage.
The kobold hits you but does no damage. The giant cockroach barely misses you.
You hit the giant cockroach.
You punch the giant cockroach, but do no damage.
The giant cockroach bites you.
The kobold hits you with a +2 dagger of venom.
You take 2 damage, and have 10/13 hp.
You closely miss the giant cockroach. Your bite misses the giant cockroach.
The giant cockroach closely misses you.
The kobold hits you with a +2 dagger of venom.
You are lethally poisoned!
You take 1 damage, and have 9/13 hp.
You hit the giant cockroach. You bite the giant cockroach.
You feel very sick.
The endoplasm quivers.
The giant cockroach misses you. The kobold barely misses you.
You take 3 damage, and have 6/13 hp.
MASSIVE DAMAGE!!
The giant cockroach attacks as you move away!
The giant cockroach barely misses you.
You feel sick. The kobold closely misses you.
The giant cockroach closely misses you.
You take 2 damage, and have 4/13 hp.
* * * LOW HITPOINT WARNING * * *
You feel sick.
You take 2 damage, and have 2/13 hp.
The kobold attacks as you move away! The kobold barely misses you.
The giant cockroach attacks as you move away!
The giant cockroach misses you.
* * * LOW HITPOINT WARNING * * *
You feel sick.
You take 1 damage, and have 1/13 hp.
* * * LOW HITPOINT WARNING * * *
You feel sick.
There is an open door here.
The kobold attacks as you move away!
The kobold hits you with a +2 dagger of venom.
You die...

...............#
....$..........#
..............#
............#
#+#...J......#
#.#..........#
#.#..........#
##.#B.....#####
#.>@K.....#
#..#......#
#..#.......#
######..#####+#.#
..............#..#
.........##.......
.........##......
.........##..##++
.........##..##..


You could see an endoplasm, a giant cockroach and a kobold.

Vanquished Creatures
  An endoplasm (D:1)
1 creature vanquished.

Notes
Turn   | Place    | Note
-------+----------+-------------------------------------------
     0 | D:1      | domi the Vampire Enchanter began the quest for the Orb.
     0 | D:1      | Reached XP level 1. HP: 13/13 MP: 3/3
    40 | D:1      | HP: 2/13 [poisoned by a kobold]
    43 | D:1      | Slain by a kobold

Illustrated notes

Levels and vault maps discovered:
D:1:      minmay_arrival_stone_box, layout_basic

Action                   || total
-------------------------++-------
Melee: Dagger            ||     7
       Bite              ||     2
       Punch             ||     1
 Stab: Sleeping          ||     1
Armor: Robe              ||     1
Dodge: Dodged            ||    10

Table legend: (Time is in decaauts)
 A = Elapsed time spent in this place.
 B = Non-inter-level travel time spent in this place.
 C = Inter-level travel time spent in this place.
 D = Time resting spent in this place.
 E = Time spent auto-exploring this place.
 F = Levels seen in this place.
 G = Mean time per level.
                   A        B        C        D        E       F      G
               +--------+--------+--------+--------+--------+-----+--------+
         Total |     42 |     42 |      0 |      0 |     22 |   1 |   42.0 |
       Dungeon |     42 |     42 |      0 |      0 |     22 |   1 |   42.0 |
               +--------+--------+--------+--------+--------+-----+--------+

Top non-repeatable levels by time:
     D:1: 42 daAuts

Table legend:
 A = Kills in this place as a percentage of kills in entire the game.
 B = Kills by you in this place as a percentage of kills by you in the entire game.
 C = Kills by friends in this place as a percentage of kills by friends in the entire game.
 D = Other kills in this place as a percentage of other kills in the entire game.
 E = Experience gained in this place as a percentage of experience gained in the entire game.
 F = Experience gained in this place divided by the number of levels of this place that you have seen.
                   A       B       C       D       E      F
               +-------+-------+-------+-------+-------+----------------------
         Total | 100.0 | 100.0 |   N/A |   N/A | 100.0 |   2.0
       Dungeon | 100.0 | 100.0 |   N/A |   N/A | 100.0 |   2.0
               +-------+-------+-------+-------+-------+----------------------
